 Dungeon Sprint DCSS version 0.27-a0-1548-gf8a67e7463 (webtiles) character file.

Game seed: 2358064159156636646

4301 mhtbhm the Protected (level 10, -9/97 HPs)
             Began as a Minotaur Fighter on July 13, 2021.
             Was a Believer of Zin.
             Killed from afar by a nagaraja (15 damage)
             ... with a poison arrow
             ... in the Dungeon (Sprint VII: "The Pits").
             The game lasted 00:02:18 (1831 turns).

mhtbhm the Protected (Minotaur Fighter)             Turns: 1831, Time: 00:02:19

Health: -9/97      AC: 22    Str: 23    XL:     10   Next: 11%
Magic:  16/16      EV:  8    Int:  5    God:    Zin [**....]
Gold:   0          SH: 13    Dex: 11    Spells: 9/9 levels left

rFire    . . .     SeeInvis .   a - +1 broad axe (freeze)
rCold    . . .     Faith    .   c - +0 kite shield
rNeg     . . .     Spirit   .   b - +3 plate armour
rPois    .         Reflect  .   (helmet restricted)
rElec    .         Harm     .   (no cloak)
rCorr    .         Rampage  .   (no gloves)
Will     .....     NoTele   +   (no boots)
Stlth    ..........             (no amulet)
HPRegen  0.26/turn              n - +3 ring of evasion
MPRegen  0.15/turn              o - +3 ring of protection

@: lethally poisoned (-9 -> -46), slowed, constricted, very slow
A: horns 2, retaliatory headbutt
a: Renounce Religion, Recite, Vitalisation, Donate Gold


You were in the Dungeon.
You worshipped Zin.
Zin was pleased with you.
You visited 1 branch

Inventory:

Hand Weapons
 a - a +1 broad axe of freezing (weapon)
Armour
 b - a +3 plate armour (worn)
 c - a +0 kite shield (worn)
Jewellery
 n - a +3 ring of evasion (left hand)
 o - a +3 ring of protection (right hand)
Scrolls
 j - a scroll of blinking
 l - 5 scrolls of amnesia
 m - a scroll of summoning
Potions
 d - a potion of might
 e - 4 potions of curing
 f - 10 potions of heal wounds
 g - a potion of haste
 h - 4 potions of magic
 i - 2 potions of berserk rage
 k - 2 potions of invisibility
 p - a potion of brilliance
 q - 2 potions of mutation


   Skills:
 + Level 12.0 Fighting
 + Level 12.6 Axes
 + Level 13.2 Armour
 + Level 5.4 Dodging
 + Level 12.8 Shields
 * Level 10.6 Invocations


You had 9 spell levels left.
You didn't know any spells.
Your spell library was empty.

Dungeon Overview and Level Annotations

Branches:
Dungeon (1/1)

Altars:
Ashenzari
Cheibriados
Dithmenos
Elyvilon
Fedhas
Gozag
Hepliaklqana
Kikubaaqudgha
Makhleb
Nemelex Xobeh
Okawaru
Qazlal
Ru
Sif Muna
Trog
Uskayaw
Vehumet
Wu Jian
Xom
Yredelemnul
Zin
The Shining One
Beogh
Jiyva
Lugonu


Innate Abilities, Weirdness & Mutations

You have a pair of horns on your head.
You reflexively headbutt those who attack you in melee.


Message History

The nagaraja shouts!
Deactivating autopickup; reactivate with Ctrl-A.
You barely miss something.
The nagaraja gestures wildly while chanting.
The nagaraja seems to speed up.
Something hits you but does no damage.
You slash something! You freeze something. You headbutt something.
Something hits you.
You slash something! You freeze something. You headbutt something.
Something hits you! Something drains your vigour!
You feel yourself slow down.
You slice something!! You freeze something!
Reactivating autopickup.
You feel a bit more experienced.
Your Fighting skill increases to level 12!
Your Armour skill increases to level 13!
You have reached level 10!
Unknown command.
The nagaraja points at you and mumbles some strange words.
The poison arrow hits you!!
You are poisoned.
The nagaraja gestures at you while chanting.
The bolt of poison hits you!!
You are more poisoned.
* * * LOW HITPOINT WARNING * * *
You feel extremely sick.
You block the nagaraja's attack. x3; The nagaraja grabs you.
* * * LOW HITPOINT WARNING * * *
The nagaraja constricts you.
The nagaraja hits you but does no damage.
* * * LOW HITPOINT WARNING * * *
The nagaraja constricts you.
You feel better. The nagaraja casts a spell at you.
The bolt of poison hits you!
You are lethally poisoned!
* * * LOW HITPOINT WARNING * * *
The nagaraja constricts you.
The nagaraja points at you and mumbles some strange words.
The poison arrow hits you!
You are more poisoned.
You die...

#++###########
#.............
#.....@N......
#..###########
#..# #..# ##
#..# .# #..#
.# #..# .#
#..#
.##########..#


You could see a nagaraja (fast).

Vanquished Creatures
  2 shadow wraiths (D)
  A sea snake (D)
  A deep elf zephyrmancer (D)
  A deep elf pyromancer (D)
  An orange demon (D)
  An ice devil (D)
  2 flying skulls (D)
  A water elemental (D)
  A fire bat (D)
  A warg (D)
  A black bear (D)
  A sky beast (D)
  2 scorpions (D)
  5 wights (D)
  A hound (D)
  A quasit (D)
  An adder (D)
  A worm (D)
  A bat skeleton (D)
  An endoplasm (D)
  A giant cockroach (D)
  A quokka (D)
  A bat (D)
  A jackal zombie (D)
  A kobold (D)
  3 rats (D)
35 creatures vanquished.

Notes
Turn   | Place    | Note
-------+----------+-------------------------------------------
     0 | D        | mhtbhm the Minotaur Fighter began the quest for the Orb.
     0 | D        | Reached XP level 1. HP: 19/19 MP: 0/0
    19 | D        | Found a bloodstained altar of Trog.
    19 | D        | Found a shimmering blue altar of Sif Muna.
    19 | D        | Found a viscous altar of Jiyva.
    19 | D        | Found a hazy altar of Hepliaklqana.
    19 | D        | Found an opulent altar of Gozag.
    20 | D        | Found a glowing golden altar of the Shining One.
    20 | D        | Found a glowing silver altar of Zin.
    20 | D        | Found a basalt altar of Yredelemnul.
    20 | D        | Found a shimmering altar of Xom.
    20 | D        | Found an ornate altar of the Wu Jian Council.
    20 | D        | Found a sacrificial altar of Ru.
    20 | D        | Found a stormy altar of Qazlal.
    20 | D        | Found an iron altar of Okawaru.
    20 | D        | Found a sparkling altar of Nemelex Xobeh.
    20 | D        | Found a burning altar of Makhleb.
    20 | D        | Found a blossoming altar of Fedhas.
    20 | D        | Found a white marble altar of Elyvilon.
    20 | D        | Found a shadowy altar of Dithmenos.
    20 | D        | Found a snail-covered altar of Cheibriados.
    22 | D        | Found a radiant altar of Vehumet.
    22 | D        | Found a corrupted altar of Lugonu.
    23 | D        | Found a hide-covered altar of Uskayaw.
    23 | D        | Found an ancient bone altar of Kikubaaqudgha.
    23 | D        | Found a broken altar of Ashenzari.
    28 | D        | Became a worshipper of Zin the Law-Giver
    73 | D        | Reached skill level 4 in Armour
    75 | D        | Noticed a scorpion
    83 | D        | Killed a scorpion
    84 | D        | Reached skill level 5 in Fighting
    84 | D        | Reached skill level 5 in Armour
    84 | D        | Reached skill level 5 in Shields
    84 | D        | Reached XP level 2. HP: 24/30 MP: 0/3
    84 | D        | Reached XP level 3. HP: 30/37 MP: 0/4
   149 | D        | Noticed a flying skull
   152 | D        | Noticed a scorpion
   161 | D        | Killed a flying skull
   162 | D        | Reached skill level 7 in Armour
   162 | D        | Reached skill level 1 in Dodging
   162 | D        | Reached XP level 4. HP: 8/48 MP: 4/6
   162 | D        | Reached XP level 5. HP: 9/53 MP: 4/7
   163 | D        | Reached skill level 5 in Axes
   163 | D        | Reached skill level 8 in Armour
   163 | D        | Reached skill level 5 in Invocations
   163 | D        | Reached XP level 6. HP: 11/61 MP: 4/8
   167 | D        | HP: 3/61 [kobold (1)]
   469 | D        | Noticed a fire bat
   484 | D        | Killed a fire bat
   485 | D        | Reached skill level 9 in Armour
   485 | D        | Reached XP level 7. HP: 34/70 MP: 10/10
   493 | D        | Reached * piety under Zin
   504 | D        | Reached ** piety under Zin
   508 | D        | Reached skill level 10 in Fighting
   508 | D        | Reached skill level 10 in Shields
   738 | D        | Reached skill level 10 in Armour
   839 | D        | Noticed a sea snake
   854 | D        | Killed a sea snake
   855 | D        | Reached XP level 8. HP: 37/81 MP: 11/13
  1030 | D        | Noticed a flying skull
  1054 | D        | Killed a flying skull
  1055 | D        | Reached skill level 11 in Armour
  1156 | D        | Noticed a deep elf pyromancer
  1163 | D        | Killed a deep elf pyromancer
  1164 | D        | Reached XP level 9. HP: 89/89 MP: 14/14
  1165 | D        | Reached skill level 10 in Axes
  1293 | D        | Noticed a deep elf zephyrmancer
  1293 | D        | Noticed an ice devil
  1298 | D        | Killed a deep elf zephyrmancer
  1299 | D        | Reached skill level 12 in Armour
  1299 | D        | Reached skill level 5 in Dodging
  1305 | D        | Killed an ice devil
  1552 | D        | Noticed an orange demon
  1566 | D        | Killed an orange demon
  1567 | D        | Reached skill level 10 in Invocations
  1571 | D        | HP: 4/90 [something (1)]
  1577 | D        | Killed a shadow wraith
  1824 | D        | Noticed a nagaraja
  1828 | D        | Killed a shadow wraith
  1829 | D        | Reached skill level 13 in Armour
  1829 | D        | Reached XP level 10. HP: 83/97 MP: 16/16
  1831 | D        | Killed from afar by a nagaraja

Illustrated notes

Levels and vault maps discovered:
D:        pitsprint [storerooms_1, entrance_room_1, metal_vault_5, armoury_2,
          mini_pit_1, grid_room_1, main_hall_1, silver_pit, the_coven_3,
          the_vestibule_1, steel_vault_1, golden_pit, hallway_of_sentries,
          crystal_vault_4, iron_vault_4, final_vault]

Skill      XL: |  1  2  3  4  5  6  7  8  9 |
---------------+----------------------------+-----
Fighting       | 5 7 8 9 10 11 12 | 12.0
Armour         | 5 7 8 9 10 11 13 | 13.2
Shields        | 5 7 8 9 10 11 12 | 12.8
Axes           | 3 4 5 6 8 9 12 | 12.6
Invocations    | 2 4 5 6 8 9 10 | 10.6
Dodging        | 1 2 4 5 |  5.4

Action                   |  1- 3 |  4- 6 |  7- 9 | 10-12 || total
-------------------------+-------+-------+-------+-------++-------
Melee: Hand axe          |    24 |    19 |    77 |       ||   120
       Headbutt          |     2 |     3 |    23 |       ||    28
       War axe           |     2 |       |       |       ||     2
       Broad axe         |       |       |    34 |       ||    34
  Use: Potion            |     1 |     1 |     5 |     1 ||     8
Armor: Scale mail        |     8 |     1 |       |       ||     9
       Chain mail        |       |    14 |    24 |       ||    38
       Plate armour      |       |       |    24 |     1 ||    25
Dodge: Dodged            |     8 |    11 |    29 |       ||    48
Block: Kite shield       |    13 |    15 |    65 |     3 ||    96

Table legend: (Time is in decaauts)
 A = Elapsed time spent in this place.
 B = Non-inter-level travel time spent in this place.
 C = Inter-level travel time spent in this place.
 D = Time resting spent in this place.
 E = Time spent auto-exploring this place.
 F = Levels seen in this place.
 G = Mean time per level.
                   A        B        C        D        E       F      G
               +--------+--------+--------+--------+--------+-----+--------+
         Total |   1892 |   1892 |      0 |   1246 |    158 |   1 | 1892.0 |
       Dungeon |   1892 |   1892 |      0 |   1246 |    158 |   1 | 1892.0 |
               +--------+--------+--------+--------+--------+-----+--------+

Top non-repeatable levels by time:
       D: 1892 daAuts
